[gd_scene load_steps=14 format=2]

[ext_resource path="res://Scene/GUI/DBox.tscn" type="PackedScene" id=1]
[ext_resource path="res://Scene/GUI/Camera/Camera.tscn" type="PackedScene" id=2]
[ext_resource path="res://Scene/Player/Player.tscn" type="PackedScene" id=3]
[ext_resource path="res://Scene/GUI/Inventory/Inventory.tscn" type="PackedScene" id=4]
[ext_resource path="res://Scene/Teleport/Teleport.tscn" type="PackedScene" id=5]
[ext_resource path="res://Assets/Tilesets/Tavern/building.png" type="Texture" id=6]
[ext_resource path="res://Scene/BGM/BGM.tscn" type="PackedScene" id=7]
[ext_resource path="res://Scene/BGM/BGMChanger.tscn" type="PackedScene" id=8]
[ext_resource path="res://Scene/GUI/Tooltip.tscn" type="PackedScene" id=9]
[ext_resource path="res://Scene/GUI/Tooltip.gd" type="Script" id=10]
[ext_resource path="res://Scene/GUI/Pause & Controls/PauseMenu.tscn" type="PackedScene" id=11]
[ext_resource path="res://Scene/GUI/Tutorial Nonogram/TutorialNonogram.tscn" type="PackedScene" id=12]
[ext_resource path="res://Scene/GUI/Pause & Controls/Kontrol.tscn" type="PackedScene" id=13]

[node name="World" type="Node2D"]

[node name="CanvasLayer" type="CanvasLayer" parent="."]

[node name="DBox" parent="CanvasLayer" instance=ExtResource( 1 )]

[node name="Inventory" parent="CanvasLayer" instance=ExtResource( 4 )]
visible = false

[node name="Tooltip" parent="CanvasLayer" instance=ExtResource( 9 )]
script = ExtResource( 10 )

[node name="PauseMenu" parent="CanvasLayer" instance=ExtResource( 11 )]

[node name="Kontrol" parent="CanvasLayer" instance=ExtResource( 13 )]
visible = false

[node name="TutorialNonogram" parent="CanvasLayer" instance=ExtResource( 12 )]

[node name="Player" parent="." instance=ExtResource( 3 )]

[node name="Camera2D" parent="Player" instance=ExtResource( 2 )]

[node name="Teleport" parent="." instance=ExtResource( 5 )]

[node name="Sprite" type="Sprite" parent="."]
position = Vector2( 400, 400 )
scale = Vector2( 0.2, 0.2 )
texture = ExtResource( 6 )

[node name="BGM" parent="." instance=ExtResource( 7 )]

[node name="Level 3" parent="." instance=ExtResource( 8 )]
position = Vector2( 145.07, -44.8971 )
level = 3

[node name="Level 1" parent="." instance=ExtResource( 8 )]
position = Vector2( 91.6165, -44.8971 )
level = 1
